[Event "Superbet Blitz Poland 2022"]
[Site "Warsaw"]
[Date "2022.05.23"]
[Round "11.1"]
[White "Rapport, Richard"]
[Black "Aronian, Levon"]
[Result "0-1"]
[ECO "B78"]
[WhiteElo "2776"]
[BlackElo "2765"]
[Annotator "TA"]
[PlyCount "112"]
[EventDate "2022.05.22"]
[EventType "tourn"]
[EventCountry "POL"]
[SourceTitle "playchess.com"]
[Source "ChessBase"]
[SourceQuality "1"]
[TimeControl "300+2"]

1. e4 c5 2. Nc3 d6 3. Bc4 Nc6 4. Nge2 g6 5. d4 cxd4 6. Nxd4 Bg7 7. Be3 Nf6 8. f3 O-O 9. Qd2 Bd7 10. O-O-O Rc8 11. Bb3 Ne5 12. h4 h5 13. Kb1 Re8 14. Bg5 Rc5 15. Nde2 {[%emt 0:00:39] B78: Sicilian Dragon: Yugoslav Attack, 9 Bc4 Bd7 10 0-0-0 Rc8.} b5 16. Be3 Nc4 17. Bxc4 {[%emt 0:00:03] Black has an edge.} Rxc4 {[%emt 0:00:01] [#]} 18. b3 $146 (18. Bxa7 $2 b4 19. Nd5 Nxd5 20. Qxd5 Be6 $19) ({Predecessor:} 18. e5 dxe5 19. Bg5 Rc7 20. Bxf6 Bxf6 21. Nd5 Rb7 22. Nxf6+ exf6 23. Nc3 Qe7 24. g4 hxg4 {1-0 (35) Chojnacki,K (2248)-Koepke,C (2351) Augsburg 2010}) 18... Rc8 19. Bd4 (19. Nd5 $11 {keeps the balance.}) 19... Bc6 (19... e5 $1 $17 20. Be3 b4) 20. Nd5 $11 ({Of course not} 20. Bxa7 b4 21. Nd5 Bxd5 22. exd5 Nxd5 $1 $17) 20... Bxd5 21. exd5 Qc7 22. Nf4 (22. g4 $11) 22... Bh6 $17 23. g3 Bxf4 24. gxf4 Nxd5 25. Kb2 $2 {[%emt 0:00:20] [#] Now White is beyond hope.} (25. f5 $1 $15) 25... Nxf4 $1 26. Rhg1 (26. Rhe1 e5) 26... e5 27. Be3 d5 28. Bxf4 exf4 29. Rg2 d4 30. Qxd4 Rcd8 31. Qg1 (31. Re2 {is the only way for White.}) 31... Qe5+ $19 ({Weaker is} 31... Rc8 32. Rd3 $19) 32. Kb1 Rxd1+ 33. Qxd1 Qe1 34. Qxe1 Rxe1+ {[%emt 0:00:02][%mdl 4096] Endgame KR-KR} 35. Kb2 Re3 36. c4 bxc4 ({Worse is} 36... Rxf3 37. c5 Kf8 38. c6 $19) 37. bxc4 Kf8 38. c5 Ke7 (38... Rxf3 $2 39. c6 Ke7 40. Rd2 $18) 39. Rd2 {[%emt 0:00:01] [#]} Re5 $1 (39... Rxf3 $2 40. c6 Rh3 41. c7 $18) 40. c6 {[%emt 0:00:07] [#]} (40. Rc2 {only move.}) 40... Rb5+ $1 41. Ka3 Rc5 42. Rd7+ Ke6 43. Rxa7 (43. Rc7 $142 a5 44. Kb2) 43... Rxc6 {[%emt 0:00:01] And now ...Rc3+ would win.} 44. Kb3 {[%emt 0:00:05] Prevents Rc3+.} Rc1 {[%emt 0:00:04] Strongly threatening ...Rf1.} 45. Ra4 Ke5 46. Re4+ Kf5 47. Rd4 f6 48. a4 g5 49. a5 (49. Rd5+ $142 Ke6 50. Rd2) 49... g4 50. a6 gxf3 {[%emt 0:00:08] Black mates.} 51. a7 Rc8 52. Ra4 f2 53. Ra1 Kg4 54. Kb4 Kg3 55. Kb5 Kg2 56. Rc1 Ra8 {[%emt 0:00:05] Weighted Error Value: White=0.63/Black=0.10 (very precise)} 0-1

[Event "Superbet Blitz Poland 2022"]
[Site "Warsaw"]
[Date "2022.05.23"]
[Round "11.2"]
[White "Caruana, Fabiano"]
[Black "Wojtaszek, Radoslaw"]
[Result "0-1"]
[ECO "E29"]
[WhiteElo "2786"]
[BlackElo "2696"]
[Annotator "TA"]
[PlyCount "138"]
[EventDate "2022.05.22"]
[EventType "tourn"]
[EventCountry "POL"]
[SourceTitle "playchess.com"]
[Source "ChessBase"]
[SourceQuality "1"]
[TimeControl "300+2"]

1. d4 Nf6 2. c4 e6 3. Nc3 Bb4 4. e3 O-O 5. a3 Bxc3+ 6. bxc3 c5 7. Bd3 Nc6 8. Nf3 d6 9. e4 {[%emt 0:00:01] now supersedes 9.0-0.} e5 10. d5 Ne7 11. h3 {[%emt 0:00:02] E29: Nimzo-Indian: Sämisch: 5...0-0 6 e3 c5 7 Bd3 Nc6.} Ng6 12. g3 Bd7 {[%emt 0:00:08] [#]} 13. Qe2 $146 {[%emt 0:01:02] The position is equal.} ({Predecessor:} 13. Kf1 h6 14. Ra2 Nh7 15. g4 Qf6 16. Ng1 Nh4 17. f3 Rfb8 18. Rf2 g5 19. Ne2 {0-1 (39) Vitiugov,N (2709)-Khismatullin,D (2656) Plovdiv 2012}) 13... h6 14. h4 Bg4 15. Qe3 Nh7 16. Nd2 Bd7 (16... f5 $5 17. f3 f4 $11) 17. h5 Ne7 18. f4 (18. a4 $11) 18... Qa5 ({Black should try} 18... Bg4 $15) 19. Bc2 (19. Rb1 $11) 19... Nf6 (19... Ba4 $15 20. Bxa4 exf4 21. gxf4 (21. Qxf4 Qxa4 22. Qxd6 Rae8 $15) 21... Qxa4) 20. Bd1 (20. f5 $11) 20... Rfe8 (20... exf4 $15 21. gxf4 Rae8) 21. fxe5 $11 Nf5 22. Qd3 (22. exf5 $2 Rxe5 23. Qxe5 dxe5 $19) 22... Rxe5 23. O-O $1 Nxg3 24. Rxf6 (24. Qxg3 $2 Rg5 25. Rf3 Nxh5 $19) 24... gxf6 (24... Nxh5 $11 25. Bxh5 (25. Rxd6 Qc7 $17) 25... Rg5+ 26. Kf1 Rxh5) 25. Nb3 $18 {[%emt 0:00:01][%mdl 64] Discovered Attack} (25. Qxg3+ $2 Rg5 26. Qxg5+ fxg5 $19) 25... Qa6 26. Qxg3+ Kh7 {[%emt 0:00:01] White must now prevent ...Rg8.} 27. Kh2 $2 (27. Qf3 $18 Rg8+ 28. Kf2) 27... Qxc4 $11 28. Nd2 Qa6 29. c4 $2 (29. Qf3 $2 Rg8 30. c4 (30. Qxf6 $2 Qd3 $19) 30... Bg4 31. Qxg4 Rxg4 32. Bxg4 Qa5 $19) (29. Qf2 $1 $11 Rg8 30. Nf1 (30. Qxf6 $2 Qd3 $19)) 29... Rg8 $19 30. Qf4 Qa4 $4 {[%emt 0:00:23][%mdl 8192] [#] Really sharp!} 31. Bf3 (31. Nf1 $1 $18 Reg5 32. Qxg5 fxg5 33. Bxa4 Bxa4 34. Ng3) 31... Bc8 $2 (31... Qc2 $19 32. Qe3 Bg4 33. Bxg4 Rxg4) 32. Nf1 $16 {[%emt 0:00:02][%csl Gc1][%cal Rf4h6][%mdl 1024] White has strong compensation.} Reg5 $2 (32... Rgg5 $14) 33. Bd2 $2 (33. Qxd6 $2 Qd1 $3 34. Bxg5 Qxf3 35. Qxf6 Qe2+ 36. Kh1 Qxe4+ 37. Kh2 Qe2+ 38. Kh1 Qe4+ 39. Kh2 Rxg5 40. Qxf7+ Rg7 41. Qxg7+ Kxg7 $19) ({White has to play} 33. Qxf6 $18 Qd7 34. Bxg5 Rxg5 35. Kh1) 33... Qd7 (33... Qxc4 $11 34. Re1 (34. Qxf6 Qe2+ 35. Bxe2 Rg2+ 36. Kh1 Rg1+ 37. Kh2 R8g2#) 34... Qa4) 34. Qh4 Qe7 {[%emt 0:00:04] And now ...Qe5+ would win.} 35. Bf4 {[%emt 0:00:01][%mdl 8192] Prevents Qe5.} (35. Bxg5 $16 {and life is bright.} Qe5+ 36. Bf4 (36. Qf4 Qb2+ 37. Qd2 Qxa1 $14) 36... Qxa1 37. Qf2) 35... f5 36. Bxg5 (36. Ng3 $1 $16 {is forced if you want to stay better.}) 36... hxg5 $40 {[%emt 0:00:01][%cal Bh6g5,Bg5g4,Bg4g3][%mdl 160] Black goes for the king.} (36... Qe5+ 37. Bf4 Qxa1 38. Qf2 $14) 37. Qg3 {[%emt 0:00:05] aiming for exf5.} f4 38. Qe1 g4 39. Bh1 (39. Bg2) 39... g3+ 40. Kg1 Qe5 41. Bf3 g2 42. Bxg2 f3 {[%emt 0:00:04][%mdl 64] Pin} 43. Ne3 Bh3 {[%emt 0:00:03][%cal Rh3g2][%mdl 64] Pin} 44. Ra2 Bxg2 45. Nxg2 Qd4+ (45... fxg2 46. Rxg2 Rxg2+ 47. Kxg2 $17) (45... Rg3 $142 {...Rh3 is the strong threat.} 46. Rf2 Rh3 47. Rxf3 Rxf3) 46. Kh2 Qe5+ $2 ({Worse is} 46... Rxg2+ 47. Rxg2 fxg2 48. Kxg2 $17) (46... Qxc4 47. Qb1 fxg2 48. Rxg2 Rxg2+ 49. Kxg2 Qe2+ 50. Kh3 Qf3+ 51. Kh2 b6 52. e5+ Kh6 53. Qc1+ Kxh5) 47. Kg1 $1 fxg2 $2 (47... f5 48. Qb1 fxe4 49. Qxb7+ Kh8) 48. Rxg2 {[%emt 0:00:04][%mdl 4096] Endgame KQR-KQR} Qd4+ ({Stronger than} 48... Qxh5 49. Rxg8 Kxg8 50. Qe3 $17) (48... Rxg2+ $19 49. Kxg2 Qxh5) 49. Qf2 $17 {[%emt 0:00:04] [#] Hoping for Qxd4.} Qd1+ 50. Kh2 $2 (50. Qf1 $17 {was the crucial defense.} Rxg2+ 51. Kxg2 Qg4+ 52. Kf2) 50... Qxh5+ $19 51. Kg1 Qd1+ 52. Kh2 {[%emt 0:00:01] [#] White wants to mate with Qh4+.} Rxg2+ $1 ({Wrong is} 52... Qh5+ $2 53. Kg1 $19) 53. Kxg2 {[%emt 0:00:02] KQ-KQ} Qg4+ 54. Kh2 Kg6 55. Qe3 (55. Qb2 $142 Qxe4 56. Qb3) 55... Qh4+ 56. Kg2 Qg5+ 57. Qxg5+ Kxg5 {[%emt 0:00:01] KP-KP} 58. e5 dxe5 59. a4 f5 60. a5 Kf6 61. Kf3 Kg5 $2 ({Better is} 61... e4+ $19 62. Kf4 Ke7) 62. Kf2 $2 (62. Kg2 $11 f4 63. Kf3) 62... Kf6 63. Kf3 $1 e4+ {[%emt 0:00:00] Black is clearly winning.} 64. Kf4 a6 65. Kg3 Ke5 66. Kf2 f4 67. Ke2 Kd6 68. Kd2 b6 69. axb6 a5 {[%emt 0:00:00] Weighted Error Value: White=0.87/Black=0.74} 0-1

[Event "Superbet Blitz Poland 2022"]
[Site "Warsaw"]
[Date "2022.05.23"]
[Round "11.3"]
[White "So, Wesley"]
[Black "Duda, Jan-Krzysztof"]
[Result "0-1"]
[ECO "A25"]
[WhiteElo "2766"]
[BlackElo "2750"]
[Annotator "TA"]
[PlyCount "108"]
[EventDate "2022.05.22"]
[EventType "tourn"]
[EventCountry "POL"]
[SourceTitle "playchess.com"]
[Source "ChessBase"]
[SourceQuality "1"]
[TimeControl "300+2"]

1. c4 e5 2. g3 Nc6 3. Nc3 g6 4. Bg2 Bg7 5. e3 d6 6. Nge2 f5 7. d3 Nf6 8. O-O O-O 9. b3 g5 {[%emt 0:00:39][%cal Of5f4] A25: English Opening vs King's Indian with ...Nc6 but without early d3.} 10. f4 h6 11. Bb2 Ne7 {[%emt 0:00:11] White is slightly better.} 12. Qd2 Ng6 13. d4 {[%emt 0:00:44] [#]} e4 $146 ({Predecessor:} 13... c6 14. dxe5 dxe5 15. Rad1 Qxd2 16. Rxd2 Re8 17. Rfd1 Ng4 18. Rd8 Be6 19. Rxa8 Rxa8 {½-½ (51) Dzindzichashvili,R (2553)-Browne,W (2516) San Francisco 1999}) 14. d5 Bd7 15. Nd4 g4 16. b4 Qe7 17. Rac1 Rfd8 18. Rfd1 Qf7 19. c5 Ne7 20. cxd6 (20. c6 $16 bxc6 21. dxc6) 20... cxd6 $11 21. Bf1 Ne8 (21... Rdc8 $1 $14) 22. Bc4 $16 Nc7 23. Bb3 {[%emt 0:00:10][%cal Oc3e4] And now Nxe4! would win.} Rac8 ({Black should try} 23... Rdc8) 24. a4 Kh7 25. Ncb5 $2 (25. b5 $16) 25... Nxb5 (25... Bxb5 $15 {keeps the upper hand.} 26. axb5 Bxd4 27. Bxd4 (27. Qxd4 Nxb5 28. Qd2 Rxc1 $11) 27... Nxb5) 26. axb5 Qe8 {[%emt 0:00:36] [#]} (26... Rxc1 $142 27. Rxc1 Rc8) 27. Nc6 $1 bxc6 28. Bxg7 Kxg7 29. bxc6 (29. dxc6 $16 Nxc6 30. bxc6 Bxc6 31. Qd4+ Kh7 32. Qf6 (32. Qxa7+ Qd7 $16)) 29... Rc7 (29... Qf7 $5) 30. b5 Nc8 31. cxd7 Rcxd7 32. Rc6 Kg6 33. h3 h5 34. Ra1 Qe7 35. Rca6 (35. Rac1 $11 Nb6 36. h4) 35... Rc7 36. Rc6 Rb7 37. Bc4 Nb6 38. Be2 Rbd7 (38... Qf6 $11 39. Rd1 gxh3) 39. Qd1 (39. h4 $14 {feels stronger.}) 39... Kf7 (39... Qg7 $11) 40. Kg2 ({Reject} 40. hxg4 hxg4 41. Bf1 Qf6 $11) 40... Rg8 41. hxg4 (41. h4 $14) 41... hxg4 $11 42. Qh1 {[%emt 0:00:03] Prevents Rh8.} Kg6 {[%emt 0:00:06] Inhibits Qh7+.} 43. Kf2 (43. Qh4 $15) 43... Qf6 $1 $17 {[%emt 0:00:04] aiming for ...Rh8.} 44. Qd1 $2 (44. Qc1 $17) 44... Rh8 $1 $19 {[%emt 0:00:01] White must now prevent ...Rh2+.} 45. Bf1 (45. Qd4 $142 Rh2+ 46. Ke1) 45... Rh2+ 46. Bg2 {[%emt 0:00:01] [#]} Qb2+ (46... Nxd5 $1 47. Qd4 Nxe3 $1 48. Qxf6+ Kxf6) 47. Rc2 {[%emt 0:00:02] [#]} Qxb5 {[%emt 0:00:02] Dancing on a razor blade.} ({Better is} 47... Qh8 $1 $19 48. Qd4 Qxd4 49. exd4 Nxd5) 48. Rb1 Qxd5 {[%emt 0:00:01] Black is more active.} 49. Rd2 Qc5 {[%emt 0:00:02] ...Nc4 is the strong threat.} 50. Rc1 Nc4 51. Rd4 $2 (51. Rxc4 $17 {is the only way for White.} Qxc4 52. Rxd6+ Rxd6 53. Qxd6+ Kh5 54. Qd2) 51... Nxe3 ({But not} 51... d5 {[#]} 52. Rdxc4 $1 Qe7 53. Rc6+ Kh7 54. R1c5 $18) 52. Kxe3 (52. Rxc5 $142 Nxd1+ 53. Rxd1 e3+ 54. Kg1) 52... Qa3+ {[%emt 0:00:01] Black is clearly winning.} 53. Kf2 Qf3+ 54. Qxf3 gxf3 {[%emt 0:00:01][%mdl 64] Pin. Black used his chance.  Weighted Error Value: White=0.55/Black=0.29 (precise)} 0-1

[Event "Superbet Blitz Poland 2022"]
[Site "Warsaw"]
[Date "2022.05.23"]
[Round "11.4"]
[White "Anand, Viswanathan"]
[Black "Korobov, Anton"]
[Result "0-1"]
[ECO "B30"]
[WhiteElo "2751"]
[BlackElo "2671"]
[Annotator "TA"]
[PlyCount "52"]
[EventDate "2022.05.22"]
[EventType "tourn"]
[EventCountry "POL"]
[SourceTitle "playchess.com"]
[Source "ChessBase"]
[SourceQuality "1"]
[TimeControl "300+2"]

1. e4 c5 2. Nf3 Nc6 3. Bb5 e6 4. Bxc6 bxc6 5. d3 Ne7 6. h4 d6 {[%emt 0:00:12] B30: Sicilian: 2...Nc6 3 Bb5, lines without ...g6.} 7. e5 d5 {[%emt 0:00:08] [#]} 8. c4 $146 ({Predecessor:} 8. Nc3 Nf5 9. b3 Qc7 10. Na4 Nd4 11. Bb2 Nxf3+ 12. Qxf3 Rb8 13. c4 Be7 14. O-O-O {1-0 (24) Muzychuk,M (2413)-Lefevre,M (1968) Moscow 2008}) 8... Nf5 {[%emt 0:00:13] Black has an edge.} 9. Nc3 Be7 10. h5 h6 (10... O-O $15 {is superior.}) 11. b3 O-O 12. Na4 f6 13. Bb2 Nd4 14. O-O fxe5 15. Nxe5 Bd6 16. Bxd4 (16. f4 $5 ) 16... cxd4 17. Ng6 Rf5 {[%emt 0:00:17] ...e5 is the strong threat.} 18. c5 $2 (18. f4 $11 {and White is okay.}) 18... Bc7 $19 19. f4 {[%emt 0:00:04] [#]} (19. Qe2 $17) 19... Bd7 $1 20. g4 (20. Qg4 $142) 20... Rf6 21. Qe2 {[%emt 0:00:02] [#]} Rxg6 22. hxg6 Qf6 {[%emt 0:00:01] Inhibits g5.} 23. Rf2 $2 (23. Qh2 Rf8 24. Qh5) 23... Bxf4 {[%emt 0:00:09] Black is clearly winning.} 24. Rxf4 Qxf4 25. Rf1 Qg3+ 26. Qg2 Qxd3 {[%emt 0:00:04] Weighted Error Value: White=0.52/Black=0.06 (flawless)} 0-1

[Event "Superbet Blitz Poland 2022"]
[Site "Warsaw"]
[Date "2022.05.23"]
[Round "11.5"]
[White "Shevchenko, Kirill"]
[Black "Gavrilescu, David"]
[Result "0-1"]
[ECO "C02"]
[WhiteElo "2644"]
[BlackElo "2518"]
[Annotator "TA"]
[PlyCount "102"]
[EventDate "2022.05.22"]
[EventType "tourn"]
[EventCountry "POL"]
[SourceTitle "playchess.com"]
[Source "ChessBase"]
[SourceQuality "1"]
[TimeControl "300+2"]

1. e4 e6 2. d4 d5 3. e5 c5 4. c3 Nc6 5. Nf3 Bd7 6. Bd3 cxd4 7. cxd4 Qb6 8. O-O Nxd4 9. Nbd2 {[%emt 0:00:01] seems to push 9.Nxd4 aside.} Ne7 {[%emt 0:00:07] C02: French: Advance Variation.} 10. Nxd4 {[%emt 0:00:12][%mdl 64] Remove Defender} Qxd4 11. Nf3 Qa4 {[%emt 0:00:01] Black has an edge. was the old line (11...Qb6).} 12. Bc2 Qa5 13. Bd2 Qd8 {[%emt 0:00:01] [#]} 14. Re1 $146 ({Predecessor:} 14. Bg5 h6 15. Be3 Nc6 16. a3 a5 17. Re1 Be7 18. Rc1 Rc8 19. g3 g5 20. g4 {½-½ (66) Smerdon,D (2508)-Peng,Z (2398) Amsterdam 2014}) 14... Nc6 15. Ng5 g6 16. Qf3 Qe7 17. Qh3 Bg7 18. Nf3 h6 19. a3 Rc8 (19... Qc5 $5 20. Ba4 Qb6 $15) 20. Bd3 Qd8 21. b4 Ne7 22. b5 Kf8 (22... Nf5 $11) 23. Rac1 $14 Kg8 24. Rxc8 Nxc8 25. Qg4 Nb6 26. Bb4 (26. a4 $16) 26... Qe8 $11 27. Nd4 h5 (27... Nc4 $15 28. Bxc4 dxc4) 28. Qh4 Nc4 29. Bxc4 dxc4 30. a4 a6 31. bxa6 bxa6 32. Nf3 {[%emt 0:00:02] [#]} (32. Rc1 $11) 32... Bxa4 (32... Bc6 $1 $17 {[%cal Rc6f3] Threatens to win with ...Bxf3.} 33. Qxc4 Bxf3 34. gxf3 Qxa4) 33. Qxc4 Bb5 {[%emt 0:00:01] This bishop pair is nice.} 34. Qf4 Bh6 35. Ng5 {[%emt 0:00:02][%mdl 1024] White has compensation.} Qd7 36. h4 Bc6 37. Bd6 a5 (37... Bxg5 $11 38. Qxg5 Kh7) 38. Rb1 ({White should play} 38. Rc1 $1 $14) 38... Bxg5 39. Qxg5 {[%emt 0:00:03] Rb8+ is the strong threat.} Kh7 $36 {[%emt 0:00:02][%mdl 2048] Black has the initiative.} 40. Rb3 a4 41. Rc3 Rc8 42. g4 {[%emt 0:00:01] [#]} (42. f3 $11 {remains equal.}) 42... Be4 (42... a3 $1 $17 {[%cal Ra3a2] Hoping for ...a2.} 43. Rxa3 Qb7) 43. Re3 $2 {[%emt 0:00:02][%mdl 8192] White does not recover from this.} (43. Rxc8 $11 Qxc8 44. gxh5) 43... Rc1+ 44. Kh2 Rh1+ 45. Kg3 Rg1+ 46. Kh3 hxg4+ 47. Kh2 Rg2+ 48. Kh1 Qc6 {[%emt 0:00:00] Black mates.} 49. f3 Bxf3 50. Re1 Re2+ 51. Kg1 Rxe1+ {[%emt 0:00:00] Weighted Error Value: White=0.48/Black=0.18 (very precise)} 0-1

[Event "Superbet Blitz Poland 2022"]
[Site "Warsaw"]
[Date "2022.05.23"]
[Round "12.1"]
[White "Aronian, Levon"]
[Black "Shevchenko, Kirill"]
[Result "1-0"]
[ECO "B50"]
[WhiteElo "2765"]
[BlackElo "2644"]
[Annotator "TA"]
[PlyCount "135"]
[EventDate "2022.05.22"]
[EventType "tourn"]
[EventCountry "POL"]
[SourceTitle "playchess.com"]
[Source "ChessBase"]
[SourceQuality "1"]
[TimeControl "300+2"]

1. e4 c5 2. Nf3 d6 3. c3 Nf6 4. Be2 g6 5. O-O Bg7 6. d3 O-O 7. Be3 {[%emt 0:00:01] B50: Sicilian: 2...d6, Miscellaneous.} Nc6 8. Nbd2 e5 {[%emt 0:00:13] outshines the older 8...Ng4.} 9. a3 {[%emt 0:00:03] [#] The position is equal.} Ng4 $146 ({Predecessor:} 9... h6 10. h3 Be6 11. b4 b6 12. b5 Na5 13. c4 Nh7 14. g4 f5 15. gxf5 gxf5 16. exf5 Bxf5 {0-1 (63) Aronian,L (2785)-Matlakov,M (2674) Chess.com INT 2022}) 10. Bg5 Bf6 11. Bxf6 Nxf6 12. b4 b6 13. b5 Ne7 14. d4 Qc7 15. a4 Bb7 16. d5 a5 17. bxa6 Bxa6 18. Re1 Rfb8 19. Bb5 c4 20. Rb1 Bxb5 21. Rxb5 Nd7 22. Rb4 Nc5 23. Nxc4 (23. Rxc4 $11 Qd7 24. Qc2) 23... Na6 $1 $17 24. Qb3 Nxb4 25. Qxb4 Nc8 26. Rb1 Qd7 {[%emt 0:00:18] Strongly threatening ...b5.} 27. Nb2 (27. Qb5 $17 Rb7 28. Qxd7 Rxd7 29. Nb2) 27... Qa7 $2 (27... b5 $1 $19 {[%cal Rb5a4] has better winning chances.} 28. a5 Qc7) 28. Nd2 Qa5 29. Ndc4 (29. Nb3 $17 Qa6 30. c4) 29... Qxb4 $19 30. cxb4 b5 31. axb5 Rxb5 32. Nd3 Kg7 33. Rc1 Rab8 34. g4 Kf6 (34... R5b7 $17) 35. h4 h6 36. f3 Ke7 37. Na5 Kf8 38. Rc7 Ne7 39. Rd7 {[%emt 0:00:16] [#]} R5b6 (39... Nxd5 $1 $11 40. Nc6 {[#]} (40. exd5 Rxd5 41. Nc6 Rb6 $11) 40... Nb6 $1 41. Rxd6 (41. Nxb8 $2 Nxd7 42. Nxd7+ Ke7 $17) 41... Nc4 42. Nxb8 Nxd6 43. Nd7+ Ke8 44. Nf6+ (44. N7xe5 g5 $15) 44... Kf8) 40. Nc4 $1 $18 {[%emt 0:00:04][%csl LRb6,LRd6] Pair of Knights!} R6b7 $2 (40... Ke8 {might work better.} 41. Nxb6 Rxb6) 41. Rxb7 ({Much less strong is} 41. Rxd6 Kg7 42. Ncxe5 Nc8 $18) 41... Rxb7 42. Nxd6 {[%emt 0:00:01][%mdl 4096] Endgame KRN-KNN} Rb8 (42... Rc7 43. Nxe5 f6) 43. Nxe5 Rxb4 44. Ndxf7 h5 45. gxh5 gxh5 46. Kf2 Kg7 47. Ng5 {[%emt 0:00:04] Threatens to win with d6.} Nc8 48. Nd3 Ra4 49. Nf4 {[%emt 0:00:01][%cal Oe4e5] Hoping for e5!} Kh6 50. Nf7+ Kg7 51. Ne5 Nd6 $2 (51... Kh6 52. Ke2 Nd6) 52. Nxh5+ Kh6 53. Ng3 Kg7 54. Ke3 Kf6 55. Ng4+ Kf7 56. Kf4 Ra3 57. h5 Nb5 58. Nf5 Nc3 59. h6 {[%emt 0:00:07] White wants to mate with Kg5.} Ne2+ 60. Kg5 {[%emt 0:00:01] White mates.} Kg8 61. Nf6+ Kh8 62. Ne7 Nf4 63. Kg4 Ra7 64. Kxf4 Rxe7 65. Ng4 Kh7 66. e5 Kg6 67. e6 Ra7 68. Ke5 {[%emt 0:00:01] Never resign too early!  Weighted Error Value: White=0.27 (precise) /Black=0.35} 1-0

[Event "Superbet Blitz Poland 2022"]
[Site "Warsaw"]
[Date "2022.05.23"]
[Round "12.2"]
[White "Gavrilescu, David"]
[Black "Anand, Viswanathan"]
[Result "1/2-1/2"]
[ECO "C47"]
[WhiteElo "2518"]
[BlackElo "2751"]
[Annotator "TA"]
[PlyCount "97"]
[EventDate "2022.05.22"]
[EventType "tourn"]
[EventCountry "POL"]
[SourceTitle "playchess.com"]
[Source "ChessBase"]
[SourceQuality "1"]
[TimeControl "300+2"]

1. e4 e5 2. Nf3 Nc6 3. d4 exd4 4. Nxd4 Nf6 5. Nxc6 bxc6 6. Bd3 d6 7. Nc3 g6 {[%emt 0:00:04] [#] C47: Scotch Four Knights and Four Knights with 4 g3.} 8. e5 $146 ({Predecessor:} 8. Be3 Bg7 9. Qd2 O-O 10. Bh6 Bxh6 11. Qxh6 Ng4 12. Qd2 f5 13. f4 Qf6 14. O-O-O fxe4 15. Bxe4 Qxf4 16. Qxf4 Rxf4 17. Bxc6 {½-½ (68) Pacher,M (2435)-Berczes,D (2461) Budapest 2021}) 8... dxe5 9. Qf3 Nd5 (9... Bd7 $14) 10. Bc4 (10. Nxd5 $16 {aiming for Nf6+.} cxd5 11. Bb5+ Bd7 12. Qxd5) 10... Be6 $11 11. O-O Bg7 12. Rd1 O-O 13. Nxd5 {[%emt 0:00:02][%cal Od5b6] Hoping for Nb6!} e4 14. Qxe4 cxd5 15. Bxd5 c6 $1 16. Qxe6 fxe6 17. Bxe6+ {[%emt 0:00:01][%cal Bd5e6,Be6g4,Bg4f3,Bf3c6][%mdl 96] [#] Discovered Attack. This bishop pair is nice.} Kh8 18. Rxd8 Raxd8 19. Bg4 {[%emt 0:00:01] Against Rd1+} Rfe8 (19... Rd4 $5 20. h3 Re4 $15) 20. Kf1 {[%emt 0:00:01] Against Re1+} Rd4 21. Bf3 Rc4 22. c3 Rxc3 23. bxc3 Bxc3 {[%emt 0:00:01][%csl Gc3][%cal Re8e1] [#]} 24. Bb2 $1 Bxb2 $14 {[%emt 0:00:01][%mdl 4096] Endgame KRB-KRB} 25. Rb1 Bd4 26. Bxc6 Rc8 27. Be4 Bb6 28. Ke2 Rc4 29. Bd3 Ra4 30. Rb2 Kg7 31. g3 g5 32. Rc2 h5 33. h3 h4 34. Bc4 hxg3 35. fxg3 Ra5 36. Kf3 Rc5 37. Ke4 Rc7 38. Kf5 Rc5+ 39. Kg4 Bc7 40. Bb3 Rxc2 41. Bxc2 {[%emt 0:00:01] KB-KB} Kf6 42. h4 gxh4 43. gxh4 Ba5 44. h5 Bd2 45. Bb1 Kg7 46. Bc2 Kf6 $1 47. Bb1 Kg7 $1 48. Bc2 Kf6 49. Bb1 {[%emt 0:00:02] Weighted Error Value: White=0.13 (very precise) /Black=0.05 (flawless)} ({White should play} 49. Bd1 $14) 1/2-1/2

[Event "Superbet Blitz Poland 2022"]
[Site "Warsaw"]
[Date "2022.05.23"]
[Round "12.3"]
[White "Korobov, Anton"]
[Black "So, Wesley"]
[Result "0-1"]
[ECO "A16"]
[WhiteElo "2671"]
[BlackElo "2766"]
[Annotator "TA"]
[PlyCount "64"]
[EventDate "2022.05.22"]
[EventType "tourn"]
[EventCountry "POL"]
[SourceTitle "playchess.com"]
[Source "ChessBase"]
[SourceQuality "1"]
[TimeControl "300+2"]

1. c4 e5 2. Nc3 Nf6 3. Nf3 Nc6 4. a3 g6 5. g3 Bg7 6. Bg2 O-O 7. O-O d5 8. cxd5 Nxd5 9. Rb1 {[%emt 0:00:42] A16: English Opening: 1...Nf6 with ...d5.} Nxc3 10. bxc3 {[%emt 0:00:01] [#]} e4 $146 ({Predecessor:} 10... Rb8 11. d3 b6 12. h4 Bb7 13. h5 h6 14. hxg6 fxg6 15. Qa4 Ne7 16. Nh4 Bxg2 17. Nxg2 a5 {0-1 (33) Nogueiras Santiago,J (2528)-SH Dos Hermanas 2003}) 11. Nd4 {[%emt 0:00:26] The position is equal.} Re8 12. Nxc6 bxc6 13. Qa4 Bf5 (13... Bg4 $11) 14. Rb4 (14. Qxc6 $16 Qd6 15. Qxd6 cxd6 16. a4) 14... c5 $11 15. Rc4 Qe7 16. Qa5 Bf8 17. a4 (17. f3 $15) 17... Qe6 $19 18. Rxc5 Bxc5 19. Qxc5 {[%emt 0:00:01] [#]} Qd6 (19... Qb6 $1 $19 {[%cal Rb6c5] has better winning chances.} 20. d4 Qxc5 21. dxc5 Bd7) 20. Qe3 (20. Qxd6 $142 cxd6 21. Ba3) 20... Rab8 21. c4 Qb6 {[%emt 0:00:10] Black is more active.} 22. c5 (22. Qf4 $142) 22... Qf6 23. Qf4 Qe5 24. Qe3 Rb1 25. h3 h5 {[%emt 0:00:03] Inhibits g4.} 26. Ba3 $2 (26. a5) 26... Rxf1+ 27. Bxf1 Qa1 (27... Rb8 $142 28. Qc3 Qxc3 29. dxc3 Rb1) 28. Kg2 $2 {[%emt 0:00:06] [#]} (28. g4 Rb8 29. gxf5) 28... Bxh3+ $1 29. Kxh3 Qxf1+ 30. Kh2 Rb8 {[%emt 0:00:04] ...Rb1 is the strong threat.} 31. g4 hxg4 32. Kg3 {[%emt 0:00:02] [#]} Rb3 $3 {[%emt 0:00:09][%mdl 512] Weighted Error Value: White=0.91/Black=0.23 (precise)} 0-1